Map: Lockdown LE

Players

Altik - Winner!

  • Race: Protoss Protoss
  • League: Diamond

Azira

  • Race: Zerg Zerg
  • League: Diamond

VOD

Have the link to the VOD?

Description

Time

  • Played on: Aug. 6, 2026, 10:32 a.m.
  • Length: 8:11
Show
View Real Time Build Order
Export as new Build Order

Altik Protoss - Winner!

Build Orders:  

Get SALT Encoding   

  8  0:00  Probe (Chrono Boost)  
  9  0:12  Probe (Chrono Boost)  
  10  0:19  Probe (Chrono Boost)  
  11  0:26  Probe  
  12  0:34  Pylon  
  12  0:39  Probe  
  13  0:52  Probe  
  14  0:58  Gateway  
  14  1:05  Probe  
  14  1:10  Assimilator  
  15  1:17  Probe (Chrono Boost)  
  16  1:21  Pylon  
  16  1:27  Probe (Chrono Boost)  
  16  1:32  Probe (Chrono Boost)  
  18  1:43  Probe  
  19  1:59  Nexus  
  19  2:02  Pylon  
  19  2:08  Zealot  
  21  2:19  Cybernetics Core  
  21  2:23  Probe  
  22  2:38  Gateway  
  22  2:40  Probe (Chrono Boost)  
  22  2:43  Assimilator  
  23  2:51  Probe (Chrono Boost)  
  24  2:55  Pylon, Probe (Chrono Boost)  
  25  3:03  Adept  
  27  3:06  Probe  
  27  3:09  Warp Gate  
  27  3:11  Probe  
  29  3:18  Probe  
  30  3:23  Probe  
  31  3:30  Stargate  
  31  3:32  Probe  
  32  3:36  Probe  
  33  3:42  Gateway  
  33  3:44  Probe  
  34  3:52  Probe  
  35  3:58  Stalker  
  35  4:02  Probe  
  38  4:07  Probe  
  39  4:14  Pylon, Void Ray  
  43  4:19  Gateway  
  43  4:24  Twilight Council  
  43  4:33  Probe  
  43  4:34  Probe  
  51  4:45  Pylon  
  51  4:48  Pylon  
  51  4:49  Probe  
  51  4:51  Probe  
  53  4:53  Zealot x2  
  53  4:54  Zealot  
  53  4:55  Void Ray (Chrono Boost)  
  57  5:15  Zealot  
  57  5:16  Zealot x3  
  65  5:31  Void Ray  
  65  5:34  Probe x2  
  71  5:36  Zealot  
  71  5:41  Pylon  
  73  5:55  Pylon  
  73  5:56  Pylon  
  73  5:59  Zealot x4  
  73  6:00  Charge (Chrono Boost)  
  81  6:13  Zealot x2  
  81  6:15  Void Ray  
  81  6:16  Zealot  
  81  6:17  Zealot  
  93  6:31  Probe x2  
  95  6:33  Zealot  
  97  6:47  Zealot  
  97  6:57  Probe  
  98  7:01  Pylon  
  98  7:03  Assimilator, Shield Battery  
  98  7:05  Nexus  
  98  7:06  Assimilator  
  98  7:19  Zealot x3, Probe  
  95  7:32  Zealot  
  95  7:33  Zealot  
  89  7:48  Zealot x2  
  87  7:53  Zealot x2  
  89  8:05  Pylon  
  93  8:06  Pylon  
  93  8:10  Robotics Facility  
Show
View Real Time Build Order
Export as new Build Order

Azira Zerg 

Build Orders: Pool First 

Get SALT Encoding   

  8  0:00  Drone  
  9  0:12  Drone  
  10  0:20  Drone  
  11  0:29  Drone  
  11  0:34  Overlord  
  12  0:40  Extractor  
  12  0:42  Drone  
  13  0:53  Drone  
  13  0:55  Drone  
  15  1:02  Drone  
  16  1:12  Spawning Pool  
  15  1:18  Drone  
  16  1:29  Drone  
  17  1:42  Hatchery  
  17  1:46  Drone  
  17  1:50  Drone  
  18  2:04  Queen  
  18  2:05  Extractor  
  19  2:12  Zergling x2  
  20  2:18  Overlord  
  20  2:38  Drone x2  
  20  2:40  Drone, Queen  
  25  2:54  Overlord  
  25  2:56  Drone  
  25  2:58  Queen  
  28  3:06  Metabolic Boost  
  28  3:17  Drone  
  28  3:18  Drone x3  
  32  3:27  Overlord  
  32  3:32  Drone x3  
  35  3:41  Overlord  
  35  3:42  Drone  
  36  3:50  Drone  
  36  3:52  Drone x4  
  36  3:53  Drone x2  
  43  4:10  Queen  
  43  4:14  Hatchery  
  44  4:21  Zergling x12  
  50  4:24  Drone x2  
  50  4:28  Extractor  
  51  4:31  Drone  
  51  4:33  Drone x3  
  51  4:36  Extractor  
  54  4:39  Roach Warren  
  54  4:45  Spore Crawler  
  52  4:46  Spore Crawler  
  52  4:51  Lair  
  52  4:52  Overlord  
  51  4:55  Overlord  
  51  5:12  Drone  
  52  5:14  Drone x3  
  54  5:25  Drone  
  54  5:26  Drone x5  
  60  5:46  Overlord x2  
  60  5:47  Overlord x4, Extractor  
  59  5:54  Hydralisk Den  
  58  5:59  Spore Crawler  
  57  6:12  Drone x3  
  57  6:16  Drone x3  
  63  6:23  Drone x3  
  63  6:24  Drone x4  
  70  6:42  Muscular Augments, Hydralisk  
  70  6:43  Hydralisk  
  71  6:53  Roach x8  
  71  6:54  Roach x9  
  103  7:01  Spine Crawler  
  101  7:02  Spine Crawler  
  101  7:03  Spore Crawler  
  101  7:06  Hydralisk x3  
  103  7:24  Hydralisk x2  
Tags
 
Add a new tag
Caveats
  • Supply blocks, unpowered buildings, or Contaminate may cause inaccurate times.
  • Supply counts are checked every 10 seconds.